 Dungeon Crawl Stone Soup version 0.30-a0-879-ga8ba668304 (webtiles) character file.

Game seed: 6141959078903143891

30 jimonade the Magician (level 3, -2/28 HPs)
             Began as a Djinni Warper on Mar 12, 2023.
             Slain by Terence
             ... wielding a +0 mace
              (5 damage)
             ... on level 1 of the Dungeon.
             The game lasted 00:02:58 (709 turns).

jimonade the Magician (Djinni Warper)                Turns: 709, Time: 00:02:59

Health: -2/28      AC:  5    Str: 12    XL:     3   Next: 35%
Gold:   49         EV: 10    Int: 14    God:
                   SH:  0    Dex: 12

rFire   + + .      SeeInvis .    a - +0 spear
rCold   x . .      Faith    .    (no shield)
rNeg    . . .      Spirit   .    g - +0 ring mail
rPois   ∞          Reflect  .    (no helmet)
rElec   .          Rampage  .    (no cloak)
rCorr   .                        (no gloves)
Will    .....                    (boots unavailable)
Stlth   +                        (no amulet)
HPRegen 0.24/turn                (no ring)
MPRegen 0.00/turn                (no ring)

@: on blink cooldown, flying
A: sickness immunity, fire resistance 2, cold vulnerability 1, float, innate
caster, HP casting, extra vitality 1
a: no special abilities


You were on level 1 of the Dungeon.
You visited 1 branch of the dungeon, and saw 2 of its levels.

You collected 49 gold pieces.

Inventory:

Hand Weapons
 a - a +0 spear (weapon)
 i - a +0 whip
Missiles
 d - 7 boomerangs of dispersal
Armour
 b - a +0 leather armour
 g - a +0 ring mail (worn)
 h - a +0 kite shield
Scrolls
 c - a scroll of blinking
 f - a scroll of fear {unknown}
 j - a scroll of identify {unknown}
 k - a scroll of teleportation {unknown}
Potions
 e - a potion of curing {unknown}
 l - a potion of attraction {unknown}


   Skills:
 - Level 2.0 Fighting
 - Level 1.5 Polearms
 - Level 0.7 Throwing
 - Level 1.0 Armour
 - Level 2.1 Dodging
 + Level 3.3 Spellcasting


You knew the following spells:

 Your Spells              Type           Power      Damage    Failure   Level
a - Blink                 Tloc           22%        N/A       19%         2
b - Lesser Beckoning      Tloc           22%        N/A       19%         2
c - Vhi's Electric Charg  Tloc/Air       22%        N/A       34%         3
d - Teleport Other        Tloc           11%        N/A       34%         3
e - Manifold Assault      Tloc           11%        N/A       75%         4
f - Shock                 Conj/Air       44%        1d5       12%         1
Your spell library was empty.

Dungeon Overview and Level Annotations

Branches:
Dungeon (2/15)

Altars:

Annotations:
D:1 Terence


Innate Abilities, Weirdness & Mutations

You are immune to sickness and miasma.
You are immune to poison.
Your flesh is very heat resistant. (rF++)
You are vulnerable to cold. (rC-)
You float through the air rather than walking.
You learn spells naturally, not from books.
Your magical power is your life essence.
You have superior vitality. (+4 MHP)


Message History

Aim: Terence, wielding a +0 mace and wearing a +0 chain mail of positive energy (moderately wounded, 77% to hit)
The zap hits Terence.
Terence is heavily wounded.
Terence closely misses you.
Aiming: Shock (safe; 12% risk of failure)
Press: ? - help, Q - select action, (/) - cycle Shift-Dir - straight line, f/p - Terence
Aim: Terence, wielding a +0 mace and wearing a +0 chain mail of positive energy (heavily wounded, 77% to hit)
The zap hits Terence.
Terence is heavily wounded.
Terence barely misses you.
Aiming: Shock (safe; 12% risk of failure)
Press: ? - help, Q - select action, (/) - cycle Shift-Dir - straight line, f/p - Terence
Aim: Terence, wielding a +0 mace and wearing a +0 chain mail of positive energy (heavily wounded, 77% to hit)
The zap hits Terence.
Terence is heavily wounded.
Terence hits you with a +0 mace.
Aiming: Shock (safe; 12% risk of failure)
Press: ? - help, Q - select action, (/) - cycle Shift-Dir - straight line, f/p - Terence
Aim: Terence, wielding a +0 mace and wearing a +0 chain mail of positive energy (heavily wounded, 77% to hit)
The zap hits Terence.
Terence is severely wounded.
Terence hits you with a +0 mace.
Aiming: Shock (safe; 12% risk of failure)
Press: ? - help, Q - select action, (/) - cycle Shift-Dir - straight line, f/p - Terence
Aim: Terence, wielding a +0 mace and wearing a +0 chain mail of positive energy (severely wounded, 77% to hit)
The zap hits Terence.
Terence is almost dead.
Terence hits you with a +0 mace.
* * * LOW HITPOINT WARNING * * *
Casting: Shock (safe; 12% risk of failure)
Confirm with . or Enter, or press ? or * to list all spells.
You blink.
* * * LOW HITPOINT WARNING * * *
Terence shouts, "Now you die!" Terence attacks as you move away!
Terence barely misses you.
Casting: Blink (safe; 19% risk of failure)
Confirm with . or Enter, or press ? or * to list all spells.
You are still too unstable to blink.
Terence attacks as you move away! Terence hits you with a +0 mace.
You die...

...# ###...........>........#
...######.(........####........#
.......#............###........#
.#...................##........#
###..................##........#
.....................##....^...##
.....................#####......#
###).................#####......#
.......#........@.......##......#
.##.#####........@.#............#
....#######..#####......##†.....#
#.#.......÷........#....##......#
############.########.####......#
###### #...........# ####.###
##.'..# #...........# #.#
...#<.#######..........######.###
##'#####.##............##........


You could see Terence.

Vanquished Creatures
  A dart slug (D:1)
  2 ball pythons (D:1)
  3 bats (D:1)
  2 endoplasms (D:1)
  2 goblins (D:1)
  3 hobgoblins (D:1)
  3 jackals (D:1)
  A quokka (D:1)
  A frilled lizard (D:1)
  4 kobolds (D:1)
  A rat (D:1)
23 creatures vanquished.

Notes
Turn   | Place    | Note
-------+----------+-------------------------------------------
     0 | D:1      | jimonade the Djinni Warper began the quest for the Orb.
     0 | D:1      | jimonade set off with the following spells memorised:
                  | Blink, Lesser Beckoning, Vhi's Electric Charge, Teleport
                  | Other, Manifold Assault.
     0 | D:1      | Reached XP level 1. HP: 18/18 MP: 0/0
   121 | D:1      | Reached XP level 2. HP: 20/23 MP: 0/0
   272 | D:1      | Reached skill level 3 in Spellcasting
   361 | D:1      | Reached XP level 3. HP: 28/28 MP: 0/0
   361 | D:1      | Learned a level 1 spell: Shock
   647 | D:2      | Noticed Terence
   709 | D:1      | Slain by Terence

Illustrated notes

Levels and vault maps discovered:
D:1:      sevenhm_arrival_forest_fort_small_3, layout_rooms, hex_tiny,
          minmay_octomino_c4
D:2:      layout_loops_corners, serial_shops, nicolae_shop_trees,
          dreamdust_mushroom_princess, chequers_jeans, nrook_campfire,
          kennysheep_small_spiral, corexii_shack, uniq_sigmund, uniq_terence

Skill      XL: |  1  2 |
---------------+-------+-----
Spellcasting   | 3 |  3.3
Fighting       | |  2.0
Polearms       | |  1.5
Throwing       | |  0.7
Armour         | |  1.0
Dodging        | |  2.1

Action                     || total
---------------------------++-------
  Melee: Spear             ||    70
   Cast: Shock             ||    23
         Blink             ||     2
 Armour: Leather armour    ||     8
         Ring mail         ||    23
  Dodge: Dodged            ||    43

Table legend: (Time is in decaauts)
 A = Elapsed time spent in this place.
 B = Non-inter-level travel time spent in this place.
 C = Inter-level travel time spent in this place.
 D = Time resting spent in this place.
 E = Time spent auto-exploring this place.
 F = Levels seen in this place.
 G = Mean time per level.
                   A        B        C        D        E       F      G
               +--------+--------+--------+--------+--------+-----+--------+
         Total |    710 |    683 |     27 |      0 |    426 |   2 |  355.0 |
       Dungeon |    710 |    683 |     27 |      0 |    426 |   2 |  355.0 |
               +--------+--------+--------+--------+--------+-----+--------+

Top non-repeatable levels by time:
     D:1: 695 daAuts
     D:2: 14 daAuts
